 Dungeon Crawl Stone Soup version 0.30-a0-737-gf23d94013f (webtiles) character file.

Game seed: 6639909086787843649

10 browni3141 the Grave Robber (level 2, 0/12 HPs)
             Began as a Felid Necromancer on Feb 2, 2023.
             Slain by a worm (12 damage)
             ... on level 2 of the Dungeon.
             The game lasted 00:02:01 (1261 turns).

browni3141 the Grave Robber (Felid Necromancer)     Turns: 1261, Time: 00:02:01

Health: 0/12       AC:  1    Str:  4    XL:     2   Next: 10%
Magic:  6/6        EV: 17    Int: 16    God:
Gold:   55         SH:  0    Dex: 16    Spells: 0/5 levels left
                                        Lives:  0   Deaths: 0

rFire   . . .      SeeInvis +    (weapon unavailable)
rCold   . . .      Faith    .    (shield unavailable)
rNeg    . . .      Spirit   .    (body armour unavailable)
rPois   .          Reflect  .    (helmet unavailable)
rElec   .          Harm     .    (cloak unavailable)
rCorr   .          Rampage  .    (gloves unavailable)
Will    .....                    (boots unavailable)
Stlth   ++                       (no amulet)
HPRegen 0.22/turn                (no ring)
MPRegen 0.10/turn                (no ring)

@: quick
A: very small, claws 1, fangs 3, see invisible, speed 1, shaggy fur 1, stealthy
paws, no weapons or thrown items, no armour, multi-lived
a: no special abilities


You were on level 2 of the Dungeon.
You visited 1 branch of the dungeon, and saw 2 of its levels.

You collected 55 gold pieces.

Inventory:

Potions
 a - a potion of magic
 b - a potion of ambrosia
 c - a potion of resistance
 e - a potion of berserk rage {unknown}
 f - a potion of cancellation {unknown}


   Skills:
 - Level 1.5 Fighting
 - Level 2.7 Dodging
 - Level 2.7 Stealth
 - Level 2.0 Spellcasting
 * Level 0.2 Hexes
 - Level 4.0 Necromancy


You couldn't memorise any spells.
You knew the following spells:

 Your Spells              Type           Power      Damage    Failure   Level
a - Necrotise             Necr           56%        1d6       4%          1
b - Passwall              Tmut/Erth      0%         N/A       30%         2
c - Ensorcelled Hibernat  Hex/Ice        2%         N/A       30%         2

Your spell library contained the following spells:

 Spells                   Type           Power      Damage    Failure   Level
 Vampiric Draining        Necr           14%        2d7       12%         3
 Animate Dead             Necr           14%        N/A       36%         4
 Tukima's Dance           Hex            2%         N/A       50%         3
 Swiftness                Air            1%         N/A       52%         3
 Agony                    Necr           14%        N/A       73%         5
 Blade Hands              Tmut           0%         N/A       99%         5
 Portal Projectile        Hex/Tloc       Unusable   N/A       N/A         3

Dungeon Overview and Level Annotations

Branches:
Dungeon (2/15)

Altars:

Annotations:
D:2 Natasha, Sigmund


Innate Abilities, Weirdness & Mutations

You have sharp claws.
You have razor-sharp teeth.
You have supernaturally acute eyesight. (SInv)
You cover ground quickly. (Speed+)
You are covered in fur. (AC +1)
Your paws help you pounce on unaware monsters.
You are incapable of wielding weapons or throwing items.
You cannot wear armour.
You gain extra lives every three experience levels.


Message History

The frilled lizard barely misses you.
You climb upwards.
There is a stone staircase leading down here.
You miss the frilled lizard. The frilled lizard misses you.
You scratch the frilled lizard but do no damage.
The frilled lizard barely misses you.
You barely miss the frilled lizard. The frilled lizard bites you.
You scratch the frilled lizard. You bite the frilled lizard.
You kill the frilled lizard!
There is a stone staircase leading down here.
There is a stone staircase leading down here.
Okay, then.
As you read the scroll labelled OPSEAT RUWE, it crumbles to dust.
It is a scroll of identify.
b - a potion of ambrosia
As you read the scroll of identify, it crumbles to dust.
c - a potion of resistance You climb downwards.
Level annotation: Natasha
Found 4 stones and 13 gold pieces.
Found an escape hatch in the floor.
There is a stone staircase leading up here.
You climb upwards.
There is a stone staircase leading down here.
You see here 6 stones.
There is a stone staircase leading down here.
You climb downwards.
Level annotation: Natasha, Sigmund
Found a scroll labelled LELETO ELUCUPT.
Found an escape hatch in the ceiling.
There is a stone staircase leading up here.
There is an escape hatch in the ceiling here.
You pounce on the unaware helpless worm!
You scratch the worm. Your bite misses the worm.
The worm is lightly wounded.
The worm barely misses you.
You barely miss the worm.
The worm is lightly wounded.
There is a stone staircase leading up here.
The bat completely misses you. The worm bites you!
Ouch! That really hurt!
You die...

##########
#?.......#
#......w@#
#.......b#
#.........#
#.........#
...........
...###.#####
##. #. # ##


You could see a worm and a bat.

Vanquished Creatures
  3 bats
  A goblin (D:1)
  A hobgoblin (D:1)
  A quokka (D:1)
  A ball python (D:1)
  2 frilled lizards
  2 kobolds (D:1)
11 creatures vanquished.

Notes
Turn   | Place    | Note
-------+----------+-------------------------------------------
     0 | D:1      | browni3141 the Felid Necromancer began the quest for the
                  | Orb.
     0 | D:1      | Reached XP level 1. HP: 7/7 MP: 4/4
   554 | D:1      | Reached skill level 1 in Fighting
   762 | D:1      | Found a faded altar of an unknown god.
   903 | D:1      | Reached XP level 2. HP: 12/12 MP: 4/6
  1129 | D:2      | Learned a level 2 spell: Passwall
  1146 | D:2      | Learned a level 2 spell: Ensorcelled Hibernation
  1155 | D:2      | Noticed Natasha
  1224 | D:2      | Noticed Sigmund
  1261 | D:2      | Slain by a worm

Illustrated notes

Levels and vault maps discovered:
D:1:      shiori_arrival_oz, layout_basic,
          hellmonk_ecumenical_altar_inner_sanctum
D:2:      layout_rooms, uniq_natasha, uniq_crazy_yiuf_cottage, uniq_sigmund

Skill      XL: |  1 |
---------------+----+-----
Fighting       | 1 |  1.5
Dodging        | |  2.7
Stealth        | |  2.7
Spellcasting   | |  2.0
Hexes          | |  0.2
Necromancy     | |  4.0

Action                     || total
---------------------------++-------
  Melee: Unarmed           ||    10
         Bite              ||     1
   Cast: Necrotise         ||    16
    Use: Scroll            ||     2
   Stab: Sleeping          ||     1
 Armour: Skin              ||     1
  Dodge: Dodged            ||     9

Table legend: (Time is in decaauts)
 A = Elapsed time spent in this place.
 B = Non-inter-level travel time spent in this place.
 C = Inter-level travel time spent in this place.
 D = Time resting spent in this place.
 E = Time spent auto-exploring this place.
 F = Levels seen in this place.
 G = Mean time per level.
                   A        B        C        D        E       F      G
               +--------+--------+--------+--------+--------+-----+--------+
         Total |   1051 |    987 |     64 |      0 |    889 |   2 |  525.5 |
       Dungeon |   1051 |    987 |     64 |      0 |    889 |   2 |  525.5 |
               +--------+--------+--------+--------+--------+-----+--------+

Top non-repeatable levels by time:
     D:1: 997 daAuts
     D:2: 53 daAuts
